 Dungeon Crawl Stone Soup version 0.23.0-33-g5e6c059 (webtiles) character file.

Game seed: 1675556696449266419

123 Kairos the Skirmisher (level 5, -2/42 HPs)
             Began as a Formicid Abyssal Knight on Feb 26, 2019.
             Was a Follower of Lugonu.
             Slain by an orc priest (5 damage)
             ... on level 3 of the Dungeon.
             The game lasted 00:07:12 (3551 turns).

Kairos the Skirmisher (Formicid Abyssal Knight)     Turns: 3551, Time: 00:07:13

Health: -2/42      AC:  6    Str: 17    XL:     5   Next: 28%
Magic:  6/6        EV: 10    Int: 12    God:    Lugonu [*.....]
Gold:   145        SH:  3    Dex: 14    Spells: 4/4 levels left

rFire    . . .     SeeInvis +   a - +1 spear
rCold    . . .     Gourm    .   i - +0 buckler
rNeg     + . .     Faith    .   d - +1 ring mail
rPois    .         Spirit   .   (helmet unavailable)
rElec    .         Reflect  .   (no cloak)
rCorr    .         Harm     .   (no gloves)
MR       .....                  (no boots)
Stlth    +.........             (no amulet)
HPRegen  0.14/turn              m - +2 ring of dexterity
MPRegen  0.10/turn              f - ring of positive energy

@: no status effects
A: permanent stasis, dig shafts and tunnels, four strong arms, antennae 3, agile
1, sense surroundings 1, wild magic 1
a: Dig, Shaft Self, Depart the Abyss, Renounce Religion


You were on level 3 of the Dungeon.
You worshipped Lugonu.
Lugonu was aware of your devotion.
You were not hungry.

You visited 1 branch of the dungeon, and saw 3 of its levels.
You visited the Abyss 1 time.

You collected 145 gold pieces.

Inventory:

Hand Weapons
 a - a +1 spear (weapon)
Armour
 b - a +0 leather armour
 d - a +1 ring mail (worn)
 i - a +0 buckler (worn)
Jewellery
 f - a ring of positive energy (right hand)
 g - an uncursed ring of protection from cold
 h - an uncursed ring of resist corrosion {unknown}
 j - an uncursed ring of protection from cold
 m - a +2 ring of dexterity (left hand)
Potions
 e - 2 potions of mutation
 l - a potion of agility
 n - a potion of lignification {unknown}
 p - 2 potions of might
Comestibles
 c - 6 rations


   Skills:
 + Level 4.2 Fighting
 + Level 3.2 Polearms
 + Level 3.5 Armour
 + Level 1.2 Dodging
 + Level 1.2 Stealth
 + Level 2.2 Invocations


You had 4 spell levels left.
You didn't know any spells.
Your spell library was empty.

Dungeon Overview and Level Annotations

Branches:
Dungeon (3/15)

Altars:
Xom


Innate Abilities, Weirdness & Mutations

You cannot be hasted, slowed, berserked, paralysed or teleported.
You can dig through walls and to a lower floor.
Your four strong arms can wield two-handed weapons with a shield.
You have a pair of large antennae on your head. (SInv)
You are agile. (Dex +2)
You passively map a small area around you.
Your spells are a little harder to cast, but a little more powerful.


Message History

Lugonu accepts your kill.
You closely miss the orc priest.
The orc priest hits you but does no damage.
You hit the orc priest but do no damage.
The orc priest hits you.
You hit the orc priest.
The orc priest is lightly wounded.
The orc priest invokes the aid of Beogh against you.
Beogh smites you!
* * * LOW HITPOINT WARNING * * *
You hit the orc priest but do no damage.
The orc priest is lightly wounded.
The orc priest hits you.
* * * LOW HITPOINT WARNING * * *
You are too injured to fight recklessly!
You are too injured to fight recklessly!
You hit the orc priest.
The orc priest is moderately wounded.
The orc priest hits you.
You die...

, ...,
,...### * #
,..os###....
, { ,, , *
.........# *
** * * **
#.o.....#
...#####.# *
* * #.# ####
#.# #... ,
**
###.######
#.## *
#@#..>...#
#.#
##o#####.#
#.# ### #.#
#.## ##.#
#... , #..#
#.## #.##
#.# , #)#
###.## * *
#.# #(.... ,
#.# #.#..<


You could see an orc priest.

Vanquished Creatures
  An orc wizard (D:3)
  A gnoll (D:1)
  3 adders
  An ooze (D:3)
  A worm (D:2)
  A dart slug (D:1)
  A leopard gecko (D:2)
  3 orcs (D:3)
  4 giant cockroaches
  5 goblins (D:1)
  7 hobgoblins
  2 jackals (D:1)
  4 bats
  3 frilled lizards (D:1)
  4 kobolds (D:1)
  4 rats
45 creatures vanquished.

Notes
Turn   | Place    | Note
-------+----------+-------------------------------------------
     0 | Abyss:1  | Kairos the Formicid Abyssal Knight began the quest for the
                  | Orb.
     0 | Abyss:1  | Reached XP level 1. HP: 18/18 MP: 2/2
     3 | Abyss:1  | Found a corrupted altar of Lugonu.
    39 | Abyss:1  | Noticed a thrashing horror
   125 | Abyss:1  | Noticed a small abomination
   141 | D:1      | Escaped the Abyss
   690 | D:1      | Gained mutation: You are agile. (Dex +2) [potion of
                  | mutation]
   690 | D:1      | Gained mutation: Your spells are a little harder to cast,
                  | but a little more powerful. [potion of mutation]
   690 | D:1      | Gained mutation: You passively map a small area around you.
                  | [potion of mutation]
   692 | D:1      | Reached XP level 2. HP: 11/24 MP: 3/3
   696 | D:1      | Reached * piety under Lugonu
  1174 | D:1      | Reached XP level 3. HP: 11/30 MP: 4/4
  1626 | D:1      | Reached skill level 1 in Dodging
  2185 | D:2      | Reached XP level 4. HP: 22/37 MP: 5/5
  2668 | D:2      | Reached skill level 4 in Fighting
  3289 | D:3      | Found a shimmering altar of Xom.
  3290 | D:3      | Found a shimmering altar of Xom.
  3293 | D:3      | Found a shimmering altar of Xom.
  3469 | D:3      | Reached skill level 1 in Stealth
  3531 | D:3      | Reached XP level 5. HP: 23/42 MP: 6/6
  3551 | D:3      | Slain by an orc priest

Skill      XL: |  1  2  3  4 |
---------------+-------------+-----
Dodging        | 1 |  1.2
Armour         | 3 |  3.5
Fighting       | 4 |  4.2
Polearms       | 3 |  3.2
Stealth        | 1 |  1.2
Invocations    | |  2.2

Action                   |  1- 3 |  4- 6 || total
-------------------------+-------+-------++-------
Melee: Spear             |   116 |    95 ||   211
Invok: Depart the Abyss  |     1 |       ||     1
 Abil: Dig               |       |     1 ||     1
  Use: Potion            |     1 |     1 ||     2
       Scroll            |     3 |     5 ||     8
  Eat: Chunk             |     3 |     5 ||     8
Armor: Leather armour    |     2 |       ||     2
       Ring mail         |     8 |    14 ||    22
Dodge: Dodged            |    54 |    30 ||    84
Block: Buckler           |       |     5 ||     5
